 Dungeon Crawl Stone Soup version 0.29.1-1-gd02db6906a (webtiles) character file.

Game seed: 8234062208644348069

35 Iusername the Trooper (level 3, 33/33 HPs)
             Began as a Minotaur Fighter on Sept 26, 2022.
             Quit the game on level 2 of the Dungeon.
             The game lasted 00:02:26 (1119 turns).

Iusername the Trooper (Minotaur Fighter)            Turns: 1119, Time: 00:02:27

Health: 33/33      AC:  8    Str: 20    XL:     3   Next: 16%
Magic:  2/2        EV:  9    Int:  5    God:
Gold:   82         SH:  4    Dex: 11    Spells: 2/2 levels left

rFire   . . .      SeeInvis .   a - +0 trident
rCold   . . .      Faith    .   c - +0 buckler
rNeg    . . .      Spirit   .   b - +0 scale mail
rPois   .          Reflect  .   (helmet restricted)
rElec   .          Harm     .   (no cloak)
rCorr   .          Rampage  .   (no gloves)
Will    .....                   k - +0 pair of boots
Stlth   ..........              (no amulet)
HPRegen 0.11/turn               g - +4 ring of slaying
MPRegen 0.08/turn               (no ring)

@: no status effects
A: horns 2, retaliatory headbutt
a: no special abilities


You were on level 2 of the Dungeon.
You visited 1 branch of the dungeon, and saw 2 of its levels.

You collected 82 gold pieces.

Inventory:

Hand Weapons
 a - a +0 trident (weapon)
Armour
 b - a +0 scale mail (worn)
 c - a +0 buckler (worn)
 k - a +0 pair of boots (worn)
Jewellery
 g - a +4 ring of slaying (left hand)
Scrolls
 e - 2 scrolls of teleportation {unknown}
 f - a scroll of torment {unknown}
 i - 2 scrolls of identify {unknown}
 j - a scroll of immolation {unknown}
Potions
 d - 2 potions of might
 h - 3 potions of heal wounds {unknown}


   Skills:
 + Level 4.2 Fighting
 + Level 3.1 Polearms
 + Level 4.0 Armour
 + Level 0.2 Dodging
 + Level 3.9 Shields


You had 2 spell levels left.
You didn't know any spells.
Your spell library was empty.

Dungeon Overview and Level Annotations

Branches:
Dungeon (2/15)

Altars:


Innate Abilities, Weirdness & Mutations

You have a pair of horns on your head.
You reflexively headbutt those who attack you in melee.


Message History

The worm is lightly wounded.
The worm barely misses you.
Unknown command.
A worm is nearby!
You hit the worm.
The worm is lightly wounded.
The worm bites you.
Unknown command.
A worm is nearby!
You puncture the worm!
The worm is severely wounded.
You hit the worm. You headbutt the worm.
You kill the worm!
Your Polearms skill increases to level 3!
Unknown command.
Found a faded altar of an unknown god.
No target in view!
Unknown command.
Found 6 stones.
No target in view!
Unknown command.
No target in view!
i - 2 scrolls labelled JEADUF YFFOUCH (gained 1)
An endoplasm comes into view.
The endoplasm quivers.
An endoplasm is nearby!
You hit the endoplasm.
The endoplasm is severely wounded.
The endoplasm barely misses you.
You hit the endoplasm.
You kill the endoplasm!
No target in view!
There is a faded altar of an unknown god here.
Unknown command.
Press < or > to pray at altars.
You cannot tell which god this altar belongs to.
Convert to them anyway?
Okay, then.
Unknown command.
Press < or > to pray at altars.
Are you sure you want to abandon this character and quit the game? (Confirm with "yes".)

.......# #)# ......# #.#
##......# #.# .+......#
#.# ###....!..# #.#
####...##.##.####.#
.......#...#...##.#######
#...@...............
#.#...#...##.#######
#.##.##..###..###
#.......####....##
#......## #......##
##.....# #.......##
#...(.# #........#
#.....# #........##
#.....# ########...


There were no monsters in sight!

Vanquished Creatures
  A worm (D:2)
  2 dart slugs
  A ball python (D:1)
  3 bats
  2 endoplasms
  2 goblins (D:1)
  4 hobgoblins
  4 jackals (D:1)
  A kobold (D:1)
  5 rats
25 creatures vanquished.

Notes
Turn   | Place    | Note
-------+----------+-------------------------------------------
     0 | D:1      | Iusername the Minotaur Fighter began the quest for the Orb.
     0 | D:1      | Reached XP level 1. HP: 19/19 MP: 0/0
   261 | D:1      | Reached XP level 2. HP: 26/27 MP: 1/1
   938 | D:2      | Reached XP level 3. HP: 29/33 MP: 2/2
  1100 | D:2      | Found a faded altar of an unknown god.
  1119 | D:2      | Quit the game

Illustrated notes

Levels and vault maps discovered:
D:1:      minmay_arrival_glassed_features, layout_basic
D:2:      layout_basic, ebering_ecumenical_altar_box, uniq_natasha

Skill      XL: |  1  2  3 |
---------------+----------+-----
Fighting       | 4 |  4.2
Armour         | 4 |  4.0
Polearms       | 3 |  3.1
Dodging        | |  0.2
Shields        | |  3.9

Action                   || total
-------------------------++-------
Melee: Trident           ||    42
       Headbutt          ||     6
Armor: Scale mail        ||     7
Dodge: Dodged            ||     9
Block: Buckler           ||     3
